 Dungeon Crawl Stone Soup version 0.29.1-13-g9f3cf754e1 (webtiles) character file.

Game seed: 3066724134737323070

51 rakiston the Chiller (level 3, -18/24 HPs)
             Began as a Merfolk Ice Elementalist on Feb 3, 2023.
             Killed by an exploding Sigmund (30 damage)
             ... ignited by their inner flame
             ... on level 2 of the Dungeon.
             The game lasted 00:07:06 (1452 turns).

rakiston the Chiller (Merfolk Ice Elementalist)     Turns: 1452, Time: 00:07:11

Health: -18/24     AC:  2    Str:  8    XL:     3   Next: 81%
Magic:  3/6        EV: 12    Int: 16    God:
Gold:   63         SH:  0    Dex: 14    Spells: 2/6 levels left

rFire   . . .      SeeInvis .   k - +0 spear
rCold   . . .      Faith    .   (no shield)
rNeg    . . .      Spirit   .   a - +0 robe
rPois   .          Reflect  .   (no helmet)
rElec   .          Harm     .   (no cloak)
rCorr   .          Rampage  .   (no gloves)
Will    .....                   (no boots)
Stlth   ++........              (no amulet)
HPRegen 0.08/turn               (no ring)
MPRegen 0.10/turn               (no ring)

@: freezing walls
A: (nimble swimmer 2), mertail
a: no special abilities


You were on level 2 of the Dungeon.
You visited 1 branch of the dungeon, and saw 2 of its levels.

You collected 63 gold pieces.

Inventory:

Hand Weapons
 k - a +0 spear (weapon)
Missiles
 j - 6 poisoned darts (quivered)
Armour
 a - a +0 robe (worn)
Scrolls
 d - a scroll of teleportation {unknown}
 h - a scroll of vulnerability {unknown}
 i - a scroll of identify {unknown}
Potions
 b - a potion of magic
 e - 2 potions of attraction
 f - a potion of curing {unknown}
 g - a potion of mutation {unknown}


   Skills:
 - Level 2.6 Dodging
 - Level 2.1 Stealth
 - Level 2.0 Spellcasting
 + Level 5.9 Ice Magic


You had 2 spell levels left.
You knew the following spells:

 Your Spells              Type           Power      Damage    Failure   Level
a - Freeze                Ice            80%        1d9       1%          1
b - Frozen Ramparts       Ice            40%        1d7       5%          3

Your spell library contained the following spells:

 Spells                   Type           Power      Damage    Failure   Level
 Ozocubu's Armour         Ice            20%        N/A       5%          3
 Hailstorm                Conj/Ice       11%        3d5       52%         4


Dungeon Overview and Level Annotations

Branches:
Dungeon (2/15)

Altars:


Innate Abilities, Weirdness & Mutations

((You are very nimble when in or above water. (Stealth+, EV+, Speed+++)))
Your lower body shifts to a powerful aquatic tail in water.


Message History

You freeze the giant cockroach.
You kill the giant cockroach!
You see here a giant cockroach corpse.
You now have 63 gold pieces (gained 9).
Found 4 large rocks and a leather armour.
Sigmund the Dreaded comes into view.
He is wielding a +0 scythe.
Sigmund drinks a potion.
Sigmund seems to grow stronger.
Casting: Freeze (safe; 1% risk of failure)
Confirm with . or Enter, or press ? or * to list all spells.
The spell is quite dangerous to miscast (5% risk of failure)!
Continue anyway?
Casting: Frozen Ramparts (quite dangerous; 5% risk of failure)
Press: ? - help, Dir - look around, f - activate The walls around you are covered in ice.
The wall freezes Sigmund.
Sigmund casts a spell at you. The puff of flame hits you.
You hit Sigmund.
Sigmund is lightly wounded.
The wall freezes Sigmund.
Sigmund barely misses you.
You hit Sigmund.
Sigmund is moderately wounded.
The wall freezes Sigmund.
Sigmund casts a spell.
Sigmund flickers and vanishes!
Deactivating autopickup; reactivate with Ctrl-A.
Your frozen ramparts will break if you move.
Continue?
You hit something but do no damage.
The wall freezes something.
Something hits you.
As you read the scroll labelled NOSAWN FONTIY, it crumbles to dust.
The creatures around you are filled with an inner flame!
It was a scroll of immolation.
Unknown command.
Your frozen ramparts will break if you move.
Continue?
You hit something.
Flame seeps out of something.
Reactivating autopickup.
You feel a bit more experienced.
Sigmund explodes!
The fiery explosion engulfs you!!
Ouch! That really hurt!
You die...

#...........# #.#
#.# #.#
##########.#.##.#
#.# #.###...# #..
##.#.##.###
#...†.....#
#..####.#.# #..#
#.#.# #..# #.# #
#..# #@# #..#
#○...#
#.....§§....#
#.#.......#....
.......... ... ..
###.[...(.## ##
#. #.......# #.
#.......# #. #.


There were no monsters in sight!

Vanquished Creatures
  Sigmund (D:2)
  An adder (D:2)
  4 ball pythons
  3 endoplasms
  3 giant cockroaches (D:2)
  3 goblins
  4 hobgoblins
  3 jackals (D:2)
  4 kobolds
  2 quokkas (D:1)
  2 bats
  3 frilled lizards
  4 rats
37 creatures vanquished.

Notes
Turn   | Place    | Note
-------+----------+-------------------------------------------
     0 | D:1      | rakiston the Merfolk Ice Elementalist began the quest for
                  | the Orb.
     0 | D:1      | Reached XP level 1. HP: 13/13 MP: 3/3
   211 | D:1      | Reached XP level 2. HP: 19/19 MP: 3/5
   370 | D:1      | Reached skill level 5 in Ice Magic
   919 | D:2      | Reached XP level 3. HP: 24/24 MP: 4/6
   923 | D:2      | Learned a level 3 spell: Frozen Ramparts
  1445 | D:2      | Noticed Sigmund
  1452 | D:2      | Killed Sigmund
  1452 | D:2      | Killed by an exploding Sigmund... ignited by their inner
                  | flame

Illustrated notes

Levels and vault maps discovered:
D:1:      minmay_arrival_doors, layout_basic
D:2:      layout_loops_ring, uniq_sigmund

Skill      XL: |  1  2 |
---------------+-------+-----
Ice Magic      | 5 |  5.9
Dodging        | |  2.6
Stealth        | |  2.1
Spellcasting   | |  2.0

Action                   || total
-------------------------++-------
Melee: Spear             ||     5
 Cast: Freeze            ||    44
       Frozen Ramparts   ||     5
  Use: Potion            ||     1
       Scroll            ||     1
Armor: Robe              ||     6
Dodge: Dodged            ||    15
